 Dungeon Crawl Stone Soup version 0.19.0-16-g73b5abf (webtiles) character file.

617 tsouns the Spear-Bearer (level 7, -6/56 HPs)
             Began as a Merfolk Abyssal Knight on Nov 10, 2016.
             Was a Priest of Lugonu.
             Mangled by an orc wizard
             ... wielding a +0 dagger of electrocution
              (20 damage)
             ... on level 4 of the Dungeon.
             The game lasted 00:14:57 (5281 turns).

tsouns the Spear-Bearer (Merfolk Abyssal Knight)    Turns: 5281, Time: 00:14:58

Health: -6/56      AC:  6    Str: 14    XL:     7   Next: 45%
Magic:  10/10      EV: 11    Int: 11    God:    Lugonu [***...]
Gold:   240        SH:  0    Dex: 14    Spells: 0 memorised, 6 levels left

rFire  . . .     SeeInvis .     s - +0 trident
rCold  . . .     Gourm    .     t - +0 ring mail (curse)
rNeg   . . .     Faith    .     (no shield)
rPois  .         Spirit   .     d - +0 helmet
rElec  .         Reflect  +     (no cloak)
rCorr  .         Harm     .     (no gloves)
MR     .....                    (no boots)
Stlth  ..........               i - +5 amulet of reflection
                                (no ring)
                                (no ring)

@: confused, drained
A: change form in water, swift swim, stealthy swim
a: Depart the Abyss, Bend Space, Banish, Renounce Religion


You were on level 4 of the Dungeon.
You worshipped Lugonu.
Lugonu was most pleased with you.
You were not hungry.

You visited 1 branch of the dungeon, and saw 4 of its levels.
You visited the Abyss 1 time.

You collected 240 gold pieces.

Inventory:

Hand Weapons
 a - a +2 spear
 k - a +0 blowgun
 s - a +0 trident (weapon)
Missiles
 n - 5 curare-tipped needles
 o - 2 silver tomahawks (quivered)
Armour
 b - a +0 leather armour
 d - a +0 helmet (worn)
 h - a +0 ring mail
 t - a cursed +0 ring mail (worn)
Jewellery
 e - an uncursed ring of ice
 i - a +5 amulet of reflection (around neck)
Scrolls
 q - a scroll of recharging
Potions
 f - a potion of agility {unknown}
 g - 2 potions of degeneration
 l - a potion of flight {unknown}
 m - 2 potions of ambrosia
 p - a potion of mutation {unknown}
 r - a potion of might {unknown}
Comestibles
 c - a bread ration
 j - a meat ration


   Skills:
 + Level 5.3 Fighting
 * Level 8.4(8.3) Polearms
 - Level 0.6(0.5) Armour
 - Level 2.6 Dodging
 + Level 4.7(4.6) Invocations


You had 6 spell levels left.
You didn't know any spells.

Dungeon Overview and Level Annotations

Branches:
Dungeon (4/15)
 Temple: D:4-7

Altars:
Sif Muna


Message History

You are more confused.
You feel invigorated. Something hits you but does no damage.
Something hits you. Something hits you.
You are electrocuted!
* * * LOW HITPOINT WARNING * * *
You completely miss something. Something hits you.
* * * LOW HITPOINT WARNING * * *
You miss something. Something hits you but does no damage.
You completely miss something.
You feel less invigorated. Something hits you but does no damage.
Something hits you but does no damage.
You are electrocuted!
* * * LOW HITPOINT WARNING * * *
Something hits you but does no damage.
There is a stone staircase leading up here.
Something hits you but does no damage.
In your confused state, you trip and fall back down the stairs.
* * * LOW HITPOINT WARNING * * *
Something hits you but does no damage.
You are electrocuted!
You die...

..###.....###..
..........# #..
..........## #
...........## .#
..........##>###
#..........%...
#..)......#
#######.........#
.........@......#
................#
................#
................#
..................#
..#####........##.#
. #.###'#### .# #.#
... # #.# ####


There were no monsters in sight!

Vanquished Creatures
  2 ogres (D:3)
  A scorpion (D:3)
  2 howler monkeys
  An orc priest (D:3)
  3 orc wizards (D:3)
  3 gnolls (D:2)
  6 adders
  2 oozes
  4 worms
  3 dart slugs
  2 leopard geckos
  11 orcs
  6 bats
  2 giant cockroaches
  11 goblins
  5 hobgoblins
  4 jackals (D:3)
  11 kobolds
  3 quokkas (D:2)
  A ball python (D:1)
  7 frilled lizards
  A quokka skeleton (D:4)
  8 rats
99 creatures vanquished.

Notes
Turn   | Place    | Note
-------+----------+-------------------------------------------
     0 | Abyss:1  | tsouns the Merfolk Abyssal Knight began the quest for the Orb.
     0 | Abyss:1  | Reached XP level 1. HP: 18/18 MP: 2/2
    62 | Abyss:1  | Noticed a thrashing horror
    63 | D:1      | Escaped the Abyss
   114 | D:1      | Reached XP level 2. HP: 23/24 MP: 3/3
   242 | D:1      | Reached * piety under Lugonu
   718 | D:1      | Reached skill level 4 in Polearms
   718 | D:1      | Reached XP level 3. HP: 23/29 MP: 4/4
  1594 | D:2      | Reached XP level 4. HP: 36/37 MP: 6/6
  1844 | D:2      | Reached ** piety under Lugonu
  1844 | D:2      | Reached skill level 5 in Polearms
  2502 | D:2      | Found a deep blue altar of Sif Muna.
  2854 | D:3      | Noticed an ogre
  3031 | D:2      | Reached XP level 5. HP: 31/42 MP: 7/7
  3398 | D:3      | Reached skill level 6 in Polearms
  3870 | D:3      | Reached XP level 6. HP: 45/49 MP: 8/8
  4216 | D:3      | Reached skill level 7 in Polearms
  4345 | D:3      | Reached skill level 5 in Fighting
  4345 | D:3      | Reached XP level 7. HP: 9/56 MP: 8/10
  4625 | D:3      | Reached skill level 8 in Polearms
  4643 | D:3      | Reached *** piety under Lugonu
  5281 | D:4      | Mangled by an orc wizard

Skill      XL: |  1  2  3  4  5  6  7 |
---------------+----------------------+-----
Polearms       | 4 5 6 7 8 |  8.4
Invocations    | 3 4 |  4.7
Fighting       | 4 5 |  5.3
Armour         | |  0.6
Dodging        | |  2.6

Action                   |  1- 3 |  4- 6 |  7- 9 || total
-------------------------+-------+-------+-------++-------
Melee: Spear             |   161 |   233 |       ||   394
       Trident           |       |       |    62 ||    62
 Fire: Blowgun           |       |     5 |     1 ||     6
Invok: Depart the Abyss  |     1 |       |       ||     1
       Bend Space        |       |     3 |       ||     3
  Use: Scroll            |     5 |     5 |       ||    10
       Potion            |       |     1 |     1 ||     2
 Stab: Sleeping          |     2 |     1 |       ||     3
  Eat: Chunk             |     2 |     2 |       ||     4
       Bread ration      |       |     2 |     1 ||     3
Armor: Leather armour    |    24 |     4 |       ||    28
       Ring mail         |       |    26 |    24 ||    50
Dodge: Dodged            |    45 |    78 |    20 ||   143
Block: Other             |     9 |    24 |    10 ||    43
